 Dungeon Crawl Stone Soup version 0.19.5 (webtiles) character file.

6115 JeffiDaFish the Blocker (level 10, -9/64 HPs)
             Began as a Gargoyle Fighter on Apr 4, 2017.
             Was an Elder of Okawaru.
             Mangled by Erolcha
             ... wielding a +0 giant spiked club
              (11 damage)
             ... while paralysed by Erolcha
             ... on level 9 of the Dungeon.
             The game lasted 00:27:05 (9278 turns).

JeffiDaFish the Blocker (Gargoyle Fighter)          Turns: 9278, Time: 00:27:05

Health: -9/64      AC: 22    Str: 25    XL:     10   Next: 89%
Magic:  10/10      EV:  2    Int:  9    God:    Okawaru [****..]
Gold:   385        SH:  0    Dex: 12    Spells: 0 memorised, 9 levels left

rFire  . . .     SeeInvis .     k - +2 flail (protect)
rCold  . . .     Gourm    .     g - +0 plate armour
rNeg   + . .     Faith    .     c - +0 shield
rPois  ∞         Spirit   .     h - +0 helmet
rElec  +         Reflect  +     (no cloak)
rCorr  .         Harm     .     (no gloves)
MR     .....     Clarity  +     (no boots)
Stlth  ..........               e - +5 amulet of reflection (curse)
                                (no ring)
                                p - ring of stealth

@: paralysed, mighty
A: claws 1, talons 1, rugged brown scales 1, clarity, negative energy resistance
1, electricity resistance, unbreathing, petrification resistance, rot immunity,
AC +7
a: Heroism, Renounce Religion


You were on level 9 of the Dungeon.
You worshipped Okawaru.
Okawaru was greatly pleased with you.
You were hungry.

You visited 2 branches of the dungeon, and saw 10 of its levels.

You collected 385 gold pieces.

Inventory:

Hand Weapons
 i - a +2 whip of freezing
 k - a +2 flail of protection (weapon)
Armour
 c - a +0 shield (worn)
 g - a +0 plate armour (worn)
 h - a +0 helmet (worn)
Jewellery
 e - a cursed +5 amulet of reflection (around neck)
 p - a ring of stealth (left claw)
Scrolls
 j - 4 scrolls of remove curse
 m - 4 scrolls of identify
 q - 3 scrolls of amnesia
 u - a scroll of blinking
 y - a scroll of fog
Potions
 a - a potion of resistance
 b - a potion of heal wounds
 d - a potion of might
 n - 2 potions of ambrosia
 o - a potion of agility
 s - 2 potions of flight
 t - a potion of curing
Comestibles
 f - 9 bread rations
 l - 2 meat rations
 r - 12 fruits
 v - 3 beef jerkies
 w - 7 slices of pizza
 x - 17 chunks of flesh


   Skills:
 + Level 7.0 Fighting
 + Level 10.1 Maces & Flails
 + Level 7.2 Armour
 + Level 2.2 Dodging
 + Level 0.2 Stealth
 + Level 10.5 Shields


You had 9 spell levels left.
You didn't know any spells.

Dungeon Overview and Level Annotations

Branches:
Dungeon (9/15)             Temple (1/1) D:5            Lair (0/6) D:9
    Orc: D:9-12

Altars:
Ashenzari
Cheibriados
Dithmenos
Elyvilon
Fedhas
Gozag
Hepliaklqana
Kikubaaqudgha
Nemelex Xobeh
Okawaru
Qazlal
Ru
Sif Muna
Trog
Uskayaw
Vehumet
Xom
Yredelemnul
Zin
The Shining One
Beogh

Annotations:
D:9 Erolcha


Innate Abilities, Weirdness & Mutations

You are resistant to torment.
Your stone body is resilient. (AC +7)
You are immune to poison.
You resist negative energy. (rN+)
You are resistant to electric shocks. (rElec)
You can survive without breathing.
You are immune to petrification.
You are immune to rotting.
You have sharp fingernails.
You have sharp toenails.
You are partially covered in rugged brown scales. (AC +1, +3% HP)
You possess an exceptional clarity of mind.


Message History

You suddenly lose the ability to move!
The crocodile bites you but does no damage.
Erolcha hits you with a giant spiked club!
The crocodile bites you.
The crocodile bites you but does no damage.
Erolcha growls.
Erolcha hits you with a giant spiked club!
* * * LOW HITPOINT WARNING * * *
The crocodile bites you.
* * * LOW HITPOINT WARNING * * *
The big kobold shouts!
Erolcha hits you with a giant spiked club.
* * * LOW HITPOINT WARNING * * *
The crocodile bites you but does no damage.
Erolcha hits you with a giant spiked club!
* * * LOW HITPOINT WARNING * * *
The crocodile bites you but does no damage.
The crocodile bites you but does no damage.
Erolcha hits you with a giant spiked club!
You die...

....########..............
### .#.............. ##
.#.............. ..
.#...(..######## #.
K#......# #. .#......# #.
.#......# #t#O#......#
#@#.#.....# #..# # #.#
#.....# #..# #.## #.#
#.....### #..# #...####.#
#.......# #..#
#.####.....# #...>.#.#
#..#
#.....######.#)....#.#
#.Y#.######.......#.))..#
#
#..#.......########...###
#..########...........#


You could see Erolcha, a crocodile and a big kobold.

Vanquished Creatures
  The ghost of antares the Spear-Bearer, a novice MfGl of Elyvilon (D:9)
  A hippogriff (D:8)
  Sigmund (D:6)
  3 yaks (D:9)
  4 hogs (D:7)
  A human (D:7)
  2 hungry ghosts
  A black bear (D:9)
  3 orc warriors
  3 ice beasts
  A necrophage (D:7)
  The ghost of Lilxick the Skirmisher, an amateur HOBe of the Shining One (D:3)
  2 phantoms
  2 centaurs
  5 ogres
  3 bullfrogs
  A water moccasin zombie (D:6)
  4 scorpions
  7 crimson imps
  A quasit (D:9)
  2 centaur skeletons
  A jelly (D:9)
  15 orc wizards
  9 orc priests
  3 hounds
  A gnoll shaman (D:4)
  4 iguanas
  6 worker ants
  2 killer bee zombies
  A hound skeleton (D:7)
  9 gnolls
  5 adders
  A shadow imp (D:9)
  An ooze (D:2)
  An adder skeleton (D:4)
  6 worms
  A dart slug (D:2)
  7 leopard geckos
  41 orcs
  2 giant cockroaches
  11 goblins
  6 hobgoblins
  10 jackals
  6 kobolds
  4 quokkas
  3 ball pythons (D:2)
  5 bats
  6 frilled lizards
  3 leopard gecko zombies
  11 rats
230 creatures vanquished.

Notes
Turn   | Place    | Note
-------+----------+-------------------------------------------
     0 | D:1      | JeffiDaFish the Gargoyle Fighter began the quest for the Orb.
     0 | D:1      | Reached XP level 1. HP: 14/14 MP: 1/1
    73 | D:1      | Reached XP level 2. HP: 11/19 MP: 2/2
   931 | D:2      | Reached XP level 3. HP: 23/23 MP: 3/3
  1093 | D:2      | Found a hazy altar of Hepliaklqana.
  1093 | D:2      | Found an opulent altar of Gozag.
  1466 | D:2      | Reached XP level 4. HP: 22/29 MP: 4/4
  1714 | D:3      | Noticed Lilxick's ghost (amateur HOBe)
  1725 | D:3      | Killed Lilxick's ghost
  1725 | D:3      | Reached XP level 5. HP: 20/33 MP: 5/5
  2115 | D:3      | Reached XP level 6. HP: 24/38 MP: 6/6
  2300 | D:3      | Reached skill level 5 in Shields
  3312 | D:4      | Reached XP level 7. HP: 34/44 MP: 7/7
  3349 | D:4      | Reached skill level 5 in Maces & Flails
  3349 | D:4      | Reached skill level 1 in Dodging
  3668 | D:4      | Found a roughly hewn altar of Beogh.
  4259 | D:4      | Reached XP level 8. HP: 33/48 MP: 8/8
  4274 | D:4      | Reached skill level 5 in Armour
  4644 | D:5      | Entered Level 5 of the Dungeon
  4764 | D:5      | Found a staircase to the Ecumenical Temple.
  4776 | Temple   | Entered the Ecumenical Temple
  4910 | D:5      | Found an ancient bone altar of Kikubaaqudgha.
  4956 | D:5      | Found an iron altar of Okawaru.
  4996 | D:5      | Became a worshipper of Warmaster Okawaru
  5283 | D:6      | Noticed Sigmund
  5291 | D:6      | Killed Sigmund
  5454 | D:6      | Reached * piety under Okawaru
  5454 | D:6      | Reached skill level 5 in Fighting
  5454 | D:6      | Reached XP level 9. HP: 52/54 MP: 9/9
  6074 | D:6      | Gained mutation: You are partially covered in rugged brown scales. (AC +1, +3% HP) [potion of mutation]
  6074 | D:6      | Gained mutation: You have sharp fingernails. [potion of mutation]
  6074 | D:6      | Gained mutation: You possess an exceptional clarity of mind. [potion of mutation]
  6141 | D:6      | Found a deep blue altar of Sif Muna.
  6525 | D:7      | Found a shadowy altar of Dithmenos.
  6988 | D:7      | Found a hide-covered altar of Uskayaw.
  7369 | D:7      | Reached ** piety under Okawaru
  7404 | D:7      | Reached XP level 10. HP: 24/61 MP: 10/10
  8145 | D:8      | Gained mutation: You have sharp toenails. [potion of beneficial mutation]
  8210 | D:8      | Reached *** piety under Okawaru
  8419 | D:8      | Found a shattered altar of Ashenzari.
  8816 | D:9      | Noticed antares's ghost (novice MfGl)
  8845 | D:9      | Killed antares's ghost
  8845 | D:9      | Reached skill level 10 in Shields
  9061 | D:9      | Found a staircase to the Lair.
  9169 | D:9      | Reached **** piety under Okawaru
  9176 | D:9      | Reached skill level 10 in Maces & Flails
  9257 | D:9      | Noticed Erolcha
  9272 | D:9      | Paralysed by Erolcha for 7 turns
  9277 | D:9      | HP: 1/64 [Erolcha/giant spiked club (7)]
  9278 | D:9      | Mangled by Erolcha

Skill      XL: |  1  2  3  4  5  6  7  8  9 10 |
---------------+-------------------------------+-----
Shields        | 4 5 6 7 9 10 | 10.5
Maces & Flails | 3 4 5 7 8 10 | 10.1
Fighting       | 4 5 6 7 |  7.0
Armour         | 4 5 6 7 |  7.2
Dodging        | 1 2 |  2.2
Stealth        | |  0.2

Action                   |  1- 3 |  4- 6 |  7- 9 | 10-12 || total
-------------------------+-------+-------+-------+-------++-------
Melee: Flail             |   170 |   229 |   495 |   331 ||  1225
       Kick              |       |       |       |    70 ||    70
  Use: Scroll            |     6 |     2 |     5 |     5 ||    18
       Potion            |     2 |     5 |     6 |     6 ||    19
  Eat: Chunk             |     2 |     7 |    13 |     9 ||    31
       Royal jelly       |       |       |       |     1 ||     1
Armor: Scale mail        |    97 |   104 |   105 |       ||   306
       Plate armour      |       |       |   206 |   151 ||   357
Dodge: Dodged            |    68 |    69 |   103 |    51 ||   291
Block: Shield            |   148 |   212 |   444 |   246 ||  1050
       Reflection        |       |     2 |     7 |     1 ||    10
